 Dungeon Sprint DCSS version 0.28.0-43-g3370ac3207 (webtiles) character file.

Game seed: 17039954027798289617

2186 boopmooplesden the Carver (level 9, -4/89 HPs)
             Began as a Minotaur Berserker on Mar 27, 2022.
             Was a High Priest of Trog.
             Killed from afar by an oklob plant (22 damage)
             ... with a splash of acid
             ... in the Dungeon (Sprint IV: "Fedhas' Mad Dash").
             The game lasted 00:02:49 (2009 turns).

boopmooplesden the Carver (Minotaur Berserker)      Turns: 2009, Time: 00:02:50

Health: -4/89      AC: 13    Str: 24    XL:     9   Next: 11%
Magic:  7/8        EV: 11    Int:  4    God:    Trog [*****.]
Gold:   140        SH:  0    Dex: 12    Spells: 8/8 levels left

rFire   . . .      SeeInvis .   a - +0 falchion
rCold   + . .      Faith    .   (no shield)
rNeg    . . .      Spirit   .   k - +2 chain mail {rC+}
rPois   .          Reflect  .   (helmet restricted)
rElec   .          Harm     .   (no cloak)
rCorr   .          Rampage  .   j - +0 pair of gloves
Will    .....      NoTele   +   (no boots)
Stlth   +.........              i - amulet of invisibility {+Inv}
HPRegen 0.24/turn               (no ring)
MPRegen 0.11/turn               (no ring)

@: on berserk cooldown, very slightly contaminated, slowed, very slow
A: horns 2, retaliatory headbutt
a: Renounce Religion, Evoke Invisibility, Berserk, Trog's Hand, Brothers in Arms


You were in the Dungeon.
You worshipped Trog.
Trog was extremely pleased with you.
You visited 1 branch You collected 140 gold pieces.

Inventory:

Hand Weapons
 a - a +0 falchion (weapon)
Armour
 b - a +0 animal skin
 j - a +0 pair of gloves (worn)
 k - a +2 chain mail of cold resistance (worn)
Jewellery
 i - the amulet of invisibility (around neck) {+Inv}
   (You found it in the Dungeon)

   [amulet of nothing]

   +Inv:      It lets you turn invisible.
Scrolls
 h - 2 scrolls of blinking
Potions
 c - 2 potions of curing
 d - a potion of heal wounds
 e - a potion of haste
 f - 2 potions of magic
 g - a potion of berserk rage


   Skills:
 + Level 11.5 Fighting
 + Level 13.6 Long Blades
 + Level 5.8 Armour
 + Level 8.6 Dodging
 + Level 9.2 Stealth
 + Level 6.2 Evocations


You had 8 spell levels left.
You didn't know any spells.
Your spell library was empty.

Dungeon Overview and Level Annotations

Branches:
Dungeon (1/1)

Altars:
Cheibriados
Dithmenos
Elyvilon
Gozag
Hepliaklqana
Kikubaaqudgha
Makhleb
Nemelex Xobeh
Okawaru
Qazlal
Ru
Sif Muna
Trog
Uskayaw
Vehumet
Wu Jian
Xom
Yredelemnul
Zin
The Shining One
Beogh
Jiyva
Lugonu

Shops:
D ??:[

Annotations:
D exclusions: oklob plant and oklob sapling


Innate Abilities, Weirdness & Mutations

You have a pair of horns on your head.
You reflexively headbutt those who attack you in melee.


Message History

The oklob plant is heavily damaged.
You strike the helpless oklob plant from behind!
You hit the oklob plant.
The oklob plant is heavily damaged.
You flicker back into view.
The oklob sapling spits acid at you.
The splash of acid hits you but does no damage.
You hit the oklob plant but do no damage.
The oklob plant is heavily damaged.
The oklob sapling spits acid at you. The splash of acid hits you!
You hit the oklob plant but do no damage.
You headbutt the oklob plant.
The oklob plant is heavily damaged.
You hit the oklob plant but do no damage.
You headbutt the oklob plant.
You punch the oklob plant, but do no damage.
The oklob plant is severely damaged.
You hit the oklob plant.
The oklob plant is severely damaged.
The oklob plant spits acid at you. The splash of acid misses you.
You hit the oklob plant but do no damage.
You headbutt the oklob plant, but do no damage.
The oklob plant is severely damaged.
The oklob plant spits acid at you. The splash of acid hits you!
You hit the oklob plant. You headbutt the oklob plant.
The oklob plant is almost destroyed.
The oklob plant spits acid at you. The splash of acid hits you!!
* * * LOW HITPOINT WARNING * * *
You hit the oklob plant.
The oklob plant is almost destroyed.
You are no longer corroded.
You hit the oklob plant.
The oklob plant is almost destroyed.
The oklob plant spits acid at you. The splash of acid hits you!!
You die...

#<..P#..÷..#.....#.⌠._._._._.
#P...'..÷..'.#)..'.._._._._._
#PPPP#.....#.#...#..._._._._.
###############'##.._._._._._
#..†♣........'...#._._._._._.
#..†...♣.....#...############
#..†..♣..♣..######
##'####'######P|+
#..#....'.).@...#
#.:#..###....P..# #######
#########


You could see an oklob plant and an oklob sapling.

Vanquished Creatures
  An oklob plant (D)
  A queen bee (D)
  3 burning bushes (D)
  3 wandering mushrooms (D)
  3 scorpions (D)
  4 killer bees (D)
  4 oklob saplings (D)
  2 spriggans (D)
  A river rat (D)
  A rat (D)
23 creatures vanquished.

Vanquished Creatures (others)
  A fungus (D)
1 creature vanquished.

Grand Total: 24 creatures vanquished

Notes
Turn   | Place    | Note
-------+----------+-------------------------------------------
     0 | D        | boopmooplesden the Minotaur Berserker began the quest for
                  | the Orb.
     0 | D        | Reached XP level 1. HP: 19/19 MP: 0/0
    15 | D        | Reached skill level 4 in Long Blades
    15 | D        | Reached XP level 2. HP: 13/28 MP: 1/1
   282 | D        | Noticed an oklob sapling
   284 | D        | Killed an oklob sapling
   284 | D        | Reached ** piety under Trog
   285 | D        | Reached skill level 5 in Fighting
   285 | D        | Reached skill level 5 in Long Blades
   285 | D        | Reached XP level 3. HP: 37/37 MP: 2/2
   286 | D        | Noticed a scorpion
   286 | D        | Found the amulet of invisibility {+Inv}
   289 | D        | Killed a scorpion
   290 | D        | Reached skill level 7 in Long Blades
   290 | D        | Reached XP level 4. HP: 27/47 MP: 3/3
   596 | D        | Found an opulent altar of Gozag.
   596 | D        | Found a hazy altar of Hepliaklqana.
   596 | D        | Found a snail-covered altar of Cheibriados.
   597 | D        | Found a viscous altar of Jiyva.
   597 | D        | Found a burning altar of Makhleb.
   597 | D        | Found a sparkling altar of Nemelex Xobeh.
   597 | D        | Found a sacrificial altar of Ru.
   597 | D        | Found a shimmering blue altar of Sif Muna.
   597 | D        | Found a bloodstained altar of Trog.
   597 | D        | Found an ornate altar of the Wu Jian Council.
   597 | D        | Found a shimmering altar of Xom.
   597 | D        | Found a basalt altar of Yredelemnul.
   598 | D        | Found an iron altar of Okawaru.
   598 | D        | Found a shadowy altar of Dithmenos.
   598 | D        | Found a glowing silver altar of Zin.
   599 | D        | Found an ancient bone altar of Kikubaaqudgha.
   599 | D        | Found a hide-covered altar of Uskayaw.
   600 | D        | Found a stormy altar of Qazlal.
   600 | D        | Found a white marble altar of Elyvilon.
   600 | D        | Found a glowing golden altar of the Shining One.
   601 | D        | Found a corrupted altar of Lugonu.
   601 | D        | Found a radiant altar of Vehumet.
   611 | D        | Reached skill level 8 in Long Blades
   611 | D        | Reached skill level 1 in Stealth
   611 | D        | Reached skill level 1 in Evocations
   611 | D        | Reached XP level 5. HP: 53/53 MP: 2/4
   663 | D        | Reached *** piety under Trog
   664 | D        | Reached skill level 9 in Long Blades
   664 | D        | Reached skill level 5 in Dodging
   676 | D        | Reached XP level 6. HP: 63/63 MP: 3/5
   981 | D        | Found Icaelom's Magic Scroll Shop.
   982 | D        | Found Istupho's Magic Scroll Emporium.
   989 | D        | Noticed a burning bush
   989 | D        | Noticed a wandering mushroom
   989 | D        | Noticed a wandering mushroom
  1000 | D        | Killed a wandering mushroom
  1001 | D        | Reached skill level 10 in Long Blades
  1001 | D        | Reached skill level 5 in Armour
  1002 | D        | Reached **** piety under Trog
  1003 | D        | Reached skill level 11 in Long Blades
  1003 | D        | Reached XP level 7. HP: 71/71 MP: 6/6
  1230 | D        | Reached skill level 10 in Fighting
  1549 | D        | Killed a burning bush
  1550 | D        | Reached skill level 12 in Long Blades
  1550 | D        | Reached skill level 5 in Stealth
  1654 | D        | Found Osykehuj's Book Shoppe.
  1655 | D        | Found Yhoum's Armour Emporium.
  1701 | D        | Noticed a queen bee
  1723 | D        | Killed a queen bee
  1723 | D        | Reached ***** piety under Trog
  1724 | D        | Reached skill level 5 in Evocations
  1724 | D        | Reached XP level 8. HP: 81/81 MP: 5/7
  1773 | D        | Noticed an oklob plant
  1793 | D        | Killed an oklob plant
  1794 | D        | Reached skill level 13 in Long Blades
  1821 | D        | Noticed a burning bush
  1827 | D        | Killed a burning bush
  1975 | D        | Noticed a burning bush
  1975 | D        | Noticed an oklob plant
  1976 | D        | Noticed a wandering mushroom
  1982 | D        | Killed a burning bush
  1983 | D        | Reached XP level 9. HP: 89/89 MP: 5/8
  1989 | D        | Received a gift from Trog
  2009 | D        | Killed from afar by an oklob plant

Illustrated notes

Levels and vault maps discovered:
D:        dungeon_sprint_fedhas [sprint_temple]

Skill      XL: |  1  2  3  4  5  6  7  8  9 |
---------------+----------------------------+-----
Fighting       | 4 5 7 8 9 10 11 | 11.5
Long Blades    | 4 5 7 8 9 11 12 13 | 13.6
Armour         | 3 4 5 |  5.8
Dodging        | 3 4 5 6 7 8 |  8.6
Stealth        | 1 2 4 6 8 9 |  9.2
Evocations     | 1 2 3 5 6 |  6.2

Action                   |  1- 3 |  4- 6 |  7- 9 || total
-------------------------+-------+-------+-------++-------
Melee: Falchion          |    17 |    23 |    91 ||   131
       Headbutt          |     4 |     5 |    25 ||    34
       Punch             |       |       |     2 ||     2
Invok: Berserk           |     1 |     3 |     2 ||     6
 Abil: Evoke Invisibilit |       |     3 |     4 ||     7
 Stab: Invisible         |       |     2 |    17 ||    19
       Sleeping          |       |     2 |     2 ||     4
Armor: Animal skin       |     3 |     1 |     4 ||     8
       Chain mail        |       |       |     3 ||     3
Dodge: Dodged            |    14 |     3 |    28 ||    45
